 Dungeon Crawl Stone Soup version 0.23.0 (webtiles) character file.

Game seed: 17931727979288522763

270 Peloso the Shield-Bearer (level 6, -4/55 HPs)
             Began as a Minotaur Fighter on Feb 11, 2019.
             Slain by Crazy Yiuf
             ... wielding a +2 quarterstaff of chaos
              (11 damage)
             ... on level 3 of the Dungeon.
             The game lasted 00:03:40 (2392 turns).

Peloso the Shield-Bearer (Minotaur Fighter)         Turns: 2392, Time: 00:03:42

Health: -4/55      AC:  7    Str: 21    XL:     6   Next: 1%
Magic:  2/5        EV:  8    Int:  5    God:
Gold:   57         SH: 10    Dex: 11    Spells: 5/5 levels left

rFire    . . .     SeeInvis .   a - +3 falchion
rCold    . . .     Gourm    .   c - +0 shield
rNeg     . . .     Faith    .   b - +0 scale mail
rPois    .         Spirit   .   (helmet restricted)
rElec    .         Reflect  .   (no cloak)
rCorr    .         Harm     .   (no gloves)
MR       .....                  (no boots)
Stlth    ..........             (no amulet)
HPRegen  0.18/turn              i - ring of attention (curse)
MPRegen  0.09/turn              (no ring)

@: lethally poisoned (-4 -> -14)
A: retaliatory headbutt, horns 2
a: no special abilities


You were on level 3 of the Dungeon.
You were very hungry.

You visited 1 branch of the dungeon, and saw 3 of its levels.

You collected 57 gold pieces.

Inventory:

Hand Weapons
 a - a +3 falchion (weapon)
Armour
 b - a +0 scale mail (worn)
 c - a +0 shield (worn)
Jewellery
 i - a cursed ring of attention (left hand)
Scrolls
 e - 3 scrolls of remove curse {unknown}
 g - 7 scrolls of identify {unknown}
 j - a scroll of teleportation {unknown}
 k - 3 scrolls of fear {unknown}
 o - a scroll of noise {unknown}
Potions
 d - 2 potions of might
 h - 2 potions of heal wounds {unknown}
 l - a potion of mutation {unknown}
 m - a potion of brilliance {unknown}
 n - a potion of curing {unknown}
 q - a potion of ambrosia {unknown}
 r - 3 potions of resistance {unknown}
Comestibles
 f - 4 rations


   Skills:
 + Level 4.8 Fighting
 + Level 4.1 Long Blades
 + Level 4.8 Armour
 + Level 1.5 Dodging
 + Level 5.3 Shields


You had 5 spell levels left.
You didn't know any spells.
Your spell library was empty.

Dungeon Overview and Level Annotations

Branches:
Dungeon (3/15)

Altars:
Fedhas

Annotations:
D:3 Crazy Yiuf


Innate Abilities, Weirdness & Mutations

You reflexively headbutt those who attack you in melee.
You have a pair of horns on your head.


Message History

Crazy Yiuf hits you with a +2 quarterstaff of chaos.
You are more poisoned.
You feel sick.
You feel sick.
Crazy Yiuf hits you with a +2 quarterstaff of chaos.
You feel your power leaking away.
There is an open translucent door, spattered with blood here.
Your shield and scale mail prevent you from hitting Crazy Yiuf.
Your headbutt misses Crazy Yiuf.
Crazy Yiuf is heavily wounded.
You feel sick.
Crazy Yiuf hits you with a +2 quarterstaff of chaos!
* * * LOW HITPOINT WARNING * * *
You closely miss Crazy Yiuf. Your headbutt misses Crazy Yiuf.
Crazy Yiuf is heavily wounded.
You feel less confused.
* * * LOW HITPOINT WARNING * * *
You feel sick.
Crazy Yiuf hits you with a +2 quarterstaff of chaos!
You die...

........†.........#
.......#†##..######
...###.#.#####
.........#
.÷.....### #####
######## #..)# #
#...# # #.g.# #
##@## # ♣♣.♣ # ###
♣.♣♣ # ########.#
♣♣.♣ ###........#
♣.♣♣ .....#.###.#
♣♣.♣♣ ###........#
♣...♣♣ # #.######.#
♣....♣ ###.# #.#
#....#


You could see Crazy Yiuf.

Vanquished Creatures
  An orc priest (D:3)
  2 orc wizards
  4 gnolls (D:2)
  6 adders
  2 worms (D:2)
  5 dart slugs
  4 leopard geckos
  8 orcs
  3 giant cockroaches
  2 hobgoblins
  4 jackals
  A quokka (D:2)
  A ball python (D:2)
  6 bats
  3 frilled lizards
  10 goblins
  7 kobolds
  5 rats
74 creatures vanquished.

Notes
Turn   | Place    | Note
-------+----------+-------------------------------------------
     0 | D:1      | Peloso the Minotaur Fighter began the quest for the Orb.
     0 | D:1      | Reached XP level 1. HP: 19/19 MP: 0/0
   163 | D:1      | Reached XP level 2. HP: 27/27 MP: 1/1
   260 | D:1      | Reached skill level 4 in Shields
   349 | D:1      | Reached XP level 3. HP: 33/33 MP: 2/2
   576 | D:2      | Found a blossoming altar of Fedhas.
   744 | D:2      | Reached XP level 4. HP: 22/41 MP: 3/3
  1013 | D:3      | Reached skill level 1 in Dodging
  1013 | D:3      | Reached XP level 5. HP: 11/47 MP: 4/4
  1569 | D:3      | Found a runed translucent door.
  1570 | D:3      | Noticed Crazy Yiuf
  1967 | D:3      | Reached skill level 5 in Shields
  1974 | D:3      | HP: 2/47 [something (1)]
  1975 | D:3      | Reached XP level 6. HP: 2/55 MP: 5/5
  2392 | D:3      | Slain by Crazy Yiuf

Skill      XL: |  1  2  3  4  5 |
---------------+----------------+-----
Fighting       | 4 |  4.8
Shields        | 4 5 |  5.3
Armour         | 4 |  4.8
Long Blades    | 3 4 |  4.1
Dodging        | 1 |  1.5

Action                   |  1- 3 |  4- 6 || total
-------------------------+-------+-------++-------
Melee: Long sword        |    89 |    80 ||   169
       Headbutt          |    14 |    19 ||    33
       Falchion          |       |    29 ||    29
  Eat: Chunk             |       |     4 ||     4
Armor: Scale mail        |    54 |    51 ||   105
Dodge: Dodged            |    35 |    27 ||    62
Block: Shield            |    53 |    65 ||   118
       Rpst.: Long sword |     8 |     6 ||    14
       Falchion          |       |     1 ||     1
